 Dungeon Crawl Stone Soup version 0.30-a0-879-ga8ba668304 (webtiles) character file.

Game seed: 5943624397765090263

4185 Pimp the Firebug (level 10, -2/59 HPs)
             Began as a Gargoyle Fire Elementalist on Mar 13, 2023.
             Slain by Grum
             ... wielding a +0 glaive
              (10 damage)
             ... on level 9 of the Dungeon.
             The game lasted 00:26:51 (8330 turns).

Pimp the Firebug (Gargoyle Fire Elementalist)       Turns: 8330, Time: 00:26:52

Health: -2/59      AC: 17    Str: 19    XL:     10   Next: 29%
Magic:  15/18      EV: 12    Int: 19    God:
Gold:   341        SH:  0    Dex: 10    Spells: 4/20 levels left

rFire   + . .      SeeInvis .    k - +6 flail of the Enchanting Sybil {flame, Will+}
rCold   + . .      Faith    .    (no shield)
rNeg    + . .      Spirit   .    s - +0 troll leather armour {Pargi}
rPois   ∞          Reflect  .    p - +0 helmet
rElec   +          Rampage  .    d - +2 cloak {Stlth+}
rCorr   +                        (no gloves)
Will    +....                    u - +0 pair of boots
Stlth   +++                      (no amulet)
HPRegen 1.09/turn                o - +6 ring of strength
MPRegen 0.16/turn                (no ring)

@: brilliant, resistant, marked
A: sickness immunity, AC +7, negative energy resistance 1, electricity
resistance, torment resistance 1, petrification resistance
a: no special abilities


You were on level 9 of the Dungeon.
You visited 1 branch of the dungeon, and saw 10 of its levels.
You also visited: Sewer.

You collected 341 gold pieces.

Inventory:

Hand Weapons
 b - a +3 dagger of venom
 e - a +0 dagger
 j - a +1 war axe
 k - the +6 flail of the Enchanting Sybil (weapon) {flame, Will+}
   (You found it on level 3 of the Dungeon)

   Will:      It increases your willpower.
Missiles
 h - 6 silver javelins
 m - 2 javelins
 E - a throwing net
Armour
 a - a +0 robe
 c - a +0 leather armour
 d - a +2 cloak of stealth (worn)
 p - a +0 helmet (worn)
 s - a +0 troll leather armour (worn) {Pargi}
 u - a +0 pair of boots (worn)
 w - an orb of light
 x - the +2 chain mail of the Flute {MP+9 Dex+3}
   (You found it on level 5 of the Dungeon)

   Dex:       It affects your dexterity (+3).
   MP:        It affects your magic capacity (+9).
Jewellery
 o - a +6 ring of strength (left hand)
 q - an amulet of faith
Wands
 v - a wand of roots (17) (quivered)
 B - a wand of flame (23)
 D - a wand of light (12)
Scrolls
 y - 2 scrolls of identify
 A - a scroll of amnesia
Potions
 i - 3 potions of attraction
 l - 2 potions of flight
 z - 2 potions of brilliance


   Skills:
 + Level 5.0 Fighting
 + Level 4.7 Maces & Flails
 + Level 3.9 Armour
 + Level 4.5 Dodging
 - Level 5.0 Stealth
 * Level 5.9 Spellcasting
 * Level 6.7 Conjurations
 * Level 6.8 Fire Magic


You had 4 spell levels left.
You knew the following spells:

 Your Spells              Type           Power      Damage    Failure   Level
a - Foxfire               Conj/Fire      100%       2x1d9     1%          1
b - Scorch                Fire           94%        2d9       1%          2
c - Flame Wave            Conj/Fire      46%        2d12      9%          4
d - Sticky Flame          Conj/Fire      46%        2d6       9%          4
e - Inner Flame           Hex/Fire       27%        N/A       10%         3
f - Blink                 Tloc           16%        N/A       21%         2

Your spell library contained the following spells:

 Spells                   Type           Power      Damage    Failure   Level
 Momentum Strike          Conj/Tloc      54%        3d9       4%          2
 Hailstorm                Conj/Ice       27%        3d7       10%         3
 Freeze                   Ice            32%        1d5       13%         1
 Ignite Poison            Fire/Tmut/Pois 21%        N/A       16%         3
 Kindle Blastsparks       Fire/Tloc/Air  42%        2d13      16%         3
 Ensorcelled Hibernation  Hex/Ice        16%        N/A       21%         2
 Lesser Beckoning         Tloc           16%        N/A       21%         2
 Frozen Ramparts          Ice            16%        1d3       36%         3
 Spider Form              Tmut/Pois      8%         N/A       36%         3
 Summon Guardian Golem    Hex/Summ       8%         N/A       36%         3
 Anguish                  Hex/Necr       4%         N/A       78%         4
 Fireball                 Conj/Fire      23%        3d11      22%         5
 Iskenderun's Battlesphe  Conj           46%        2d10      22%         5
 Conjure Ball Lightning   Conj/Air       13%        3x3d6     99%         6
 Orb of Destruction       Conj           23%        9d8       100%        7
 Spellforged Servitor     Conj/Summ      13%        N/A       100%        7
 Ignition                 Fire           23%        3d8       100%        8


Dungeon Overview and Level Annotations

Branches:
Dungeon (10/15)             Sewer (visited)
 Temple: D:4-7         Lair: D:8-11         Orc: D:9-12

Altars:

Shops:
D:1 *

Annotations:
D:9 Grum, Harold


Innate Abilities, Weirdness & Mutations

You are immune to sickness and miasma.
Your stone body is resilient. (AC +7)
You are immune to poison.
You resist negative energy. (rN+)
You are resistant to electric shocks. (rElec)
You are resistant to unholy torment.
You are immune to petrification.


Message History

A white imp comes into view.
Why would you want to do that?
Unknown command.
An orc comes into view. It is wielding a +0 mace.
Grum shouts, "Fido!
Good boy!"
Harold pauses a moment, imagining something with a smile on his face.
Harold fires a harpoon shot at you. The harpoon shot hits you.
You are yanked forward by the harpoon shot.
You violently stop moving!
Splash!
You fall into the shallow water.
Moving in this stuff is going to be slow.
The orc moves out of view.
The white imp shouts, "Slither hence, thou obnoxious moon-mazed efter!"
The warg attacks as you move away! The warg closely misses you.
A wolf comes into view.
The warg attacks as you move away! The warg bites you!
* * * LOW HITPOINT WARNING * * *
You sock the warg! You burn the warg.
The warg is heavily wounded.
The warg closely misses you. x2; Grum completely misses you.
Casting: Flame Wave (dangerous; 9% risk of failure)
Confirm with . or Enter, or press ? or * to list all spells.
Casting: Flame Wave (dangerous; 9% risk of failure)
Press: ? - help, Dir - look around, f - activate You feel a surge of power!
A wave of flame ripples out!
The flame wave engulfs the warg!
The warg is almost dead. (Press . to intensify the flame waves.)
The warg bites you but does no damage.
Grum hits you from afar with a +0 glaive!
* * * LOW HITPOINT WARNING * * *
A wave of flame ripples out!
The flame wave engulfs the warg.
You kill the warg!
The flame wave engulfs Grum!
Grum is heavily wounded.
A wight comes into view. It is wielding a +2 dagger of freezing.
Grum hits you from afar with a +0 glaive!
You die...

...........
...........
...........
.........## ###
#.........## #..
[.o..........
#.####.#######....
#.#≈~...~≈# #...#
#@#≈~....≈# #..o#
#.#~.....~####....
#.g..........)....
###@.h....#..<)...
#5~...~~#.))....
#≈~≈..~≈#.......
####.####.######
#z####.###
#....@.).#


You could see Harold, Grum, a wight and a white imp.

Vanquished Creatures
  A polar bear (D:10)
  6 yaks
  2 wargs (D:9)
  3 ice beasts
  Pargi (Sewer)
  2 ogres
  A black bear (D:4)
  2 orc warriors
  A centaur (D:9)
  3 wolves
  A phantom (D:6)
  A kobold brigand (D:6)
  3 bullfrogs
  A scorpion (D:6)
  A gnoll sergeant (D:7)
  5 wights
  A howler monkey (D:4)
  2 electric eels (D:9)
  2 gnoll boudas (D:6)
  4 hounds
  9 orc priests
  3 iguanas
  3 jellies
  5 orc wizards
  Robin (D:2)
  8 gnolls
  9 adders
  A river rat (D:4)
  A white imp (D:5)
  An ufetubus (D:6)
  4 worms
  5 dart slugs
  25 orcs
  3 bats
  6 endoplasms
  2 giant cockroaches (D:4)
  19 goblins
  8 hobgoblins
  7 kobolds
  3 quokkas
  5 ball pythons
  2 frilled lizards (D:2)
  7 rats
180 creatures vanquished.

Vanquished Creatures (others)
  66 foxfires
66 creatures vanquished.

Grand Total: 246 creatures vanquished

Notes
Turn   | Place    | Note
-------+----------+-------------------------------------------
     0 | D:1      | Pimp the Gargoyle Fire Elementalist began the quest for the
                  | Orb.
     0 | D:1      | Reached XP level 1. HP: 10/10 MP: 3/3
   253 | D:1      | Found a faded altar of an unknown god.
   411 | D:1      | Reached XP level 2. HP: 10/15 MP: 3/5
   864 | D:1      | Found Woneleac's Assorted Antiques.
  1146 | D:2      | Learned a level 2 spell: Scorch
  1348 | D:2      | Reached XP level 3. HP: 19/19 MP: 2/6
  1991 | D:3      | Noticed Robin
  2093 | D:2      | Killed Robin
  2094 | D:2      | Reached XP level 4. HP: 24/24 MP: 1/7
  2303 | D:3      | Identified the +6 flail of the Enchanting Sybil {flame,
                  | Will+}
  3376 | D:4      | Noticed a black bear
  3383 | D:4      | Killed a black bear
  3384 | D:4      | Reached skill level 1 in Fighting
  3384 | D:4      | Reached skill level 1 in Maces & Flails
  3384 | D:4      | Reached XP level 5. HP: 29/29 MP: 6/9
  3471 | D:4      | Reached XP level 6. HP: 34/34 MP: 10/10
  3814 | D:4      | Found a glowing drain.
  3846 | Sewer    | Entered a sewer
  3889 | Sewer    | Noticed Pargi
  3894 | Sewer    | Killed Pargi
  4152 | D:4      | Reached XP level 7. HP: 39/39 MP: 8/11
  4359 | D:5      | Entered Level 5 of the Dungeon
  4457 | D:5      | Identified the +2 chain mail of the Flute {MP+9 Dex+3}
  5207 | D:5      | Reached XP level 8. HP: 45/45 MP: 13/13
  5799 | D:6      | Reached skill level 1 in Armour
  5808 | D:6      | Reached skill level 5 in Stealth
  6532 | D:6      | Reached skill level 5 in Fire Magic
  6984 | D:7      | Reached XP level 9. HP: 31/52 MP: 10/15
  7249 | D:7      | Reached skill level 5 in Conjurations
  7300 | D:7      | Learned a level 4 spell: Flame Wave
  7305 | D:7      | Learned a level 4 spell: Sticky Flame
  7358 | D:7      | Learned a level 3 spell: Inner Flame
  7361 | D:7      | Learned a level 2 spell: Blink
  7444 | D:7      | You fall into a shaft and drop 3 floors!
  7444 | D:10     | Entered Level 10 of the Dungeon
  7465 | D:9      | Noticed Grum
  7692 | D:9      | Noticed a polar bear
  7718 | D:10     | Reached skill level 5 in Spellcasting
  8001 | D:9      | Reached XP level 10. HP: 42/58 MP: 8/18
  8255 | D:9      | Reached skill level 5 in Fighting
  8280 | D:8      | Noticed a death yak
  8293 | D:9      | HP: 1/59 [Grum/+0 glaive (8)]
  8308 | D:9      | Noticed Harold
  8330 | D:9      | Slain by Grum

Illustrated notes

Levels and vault maps discovered:
D:1:      dpeg_arrival_snail, layout_loops_ring,
          ebering_ecumenical_altar_sacrificial, serial_shops,
          nicolae_shop_advertising_works [nicolae_subvault_shop_adworks],
          serial_bayou_ford_a
D:2:      layout_loops_ring
D:3:      layout_loops_corners, uniq_robin
D:4:      layout_cave_pods, portal_sewer_entry_e
D:5:      layout_basic, kennysheep_small_square
D:6:      layout_loops_corners, minmay_tree_intersection,
          nicolae_fountain_basement
D:7:      cheibrodos_statue_roulette, layout_gridville, temple_fountains
D:8:      layout_basic, nicolae_overflow_two_pavilions, dpeg_lair_monsters,
          uniq_psyche
D:9:      layout_roguey, erik_orc_4, serial_ice, serial_ice_l, serial_ice_o,
          serial_ice_n, serial_ice_m, serial_ice_a, serial_ice_f,
          enter_bailey_3, gammafunk_ghost_hive, uniq_maurice, uniq_harold,
          uniq_grum, uniq_pikel
D:10:     layout_irregular_city, lemuel_crystal_altar, enter_trove_5

Skill      XL: |  1  2  3  4  5  6  7  8  9 10 |
---------------+-------------------------------+-----
Dodging        | 2 3 4 |  4.5
Stealth        | 3 4 5 |  5.0
Conjurations   | 2 3 4 6 |  6.7
Fighting       | 1 2 3 4 5 |  5.0
Maces & Flails | 1 2 3 4 |  4.7
Spellcasting   | 3 4 5 |  5.9
Fire Magic     | 4 5 6 |  6.8
Armour         | 2 3 |  3.9

Action                     |  1- 3 |  4- 6 |  7- 9 | 10-12 || total
---------------------------+-------+-------+-------+-------++-------
  Melee: Dagger            |    28 |     1 |       |       ||    29
         Unarmed           |     3 |       |       |       ||     3
         War axe           |    18 |       |       |       ||    18
         Flail             |       |    87 |   169 |    22 ||   278
         Punch             |       |       |     2 |       ||     2
   Cast: Foxfire           |    18 |       |    20 |     2 ||    40
         Scorch            |    17 |    15 |    63 |    12 ||   107
         Flame Wave        |       |       |     5 |     5 ||    10
  Evoke: Wand              |       |       |     1 |       ||     1
    Use: Scroll            |     1 |     4 |    12 |     1 ||    18
         Potion            |     1 |       |     4 |     3 ||     8
   Stab: Sleeping          |     6 |    10 |    14 |       ||    30
 Armour: Leather armour    |    35 |    33 |       |       ||    68
         Troll leather arm |       |     6 |    97 |    43 ||   146
  Dodge: Dodged            |    46 |    76 |   136 |    62 ||   320

Table legend: (Time is in decaauts)
 A = Elapsed time spent in this place.
 B = Non-inter-level travel time spent in this place.
 C = Inter-level travel time spent in this place.
 D = Time resting spent in this place.
 E = Time spent auto-exploring this place.
 F = Levels seen in this place.
 G = Mean time per level.
                   A        B        C        D        E       F      G
               +--------+--------+--------+--------+--------+-----+--------+
         Total |   8430 |   7919 |    511 |   1828 |   4293 |  11 |  766.4 |
       Dungeon |   8242 |   7731 |    511 |   1828 |   4184 |  10 |  824.2 |
         Sewer |    188 |    188 |      0 |      0 |    109 |   1 |  188.0 |
               +--------+--------+--------+--------+--------+-----+--------+

Top non-repeatable levels by time:
     D:6: 1545 daAuts
     D:3: 1180 daAuts
     D:5: 1163 daAuts
     D:1: 1065 daAuts
     D:2: 1046 daAuts
     D:4: 942 daAuts
    D:10: 660 daAuts
     D:7: 398 daAuts
     D:9: 222 daAuts
   Sewer: 188 daAuts
     D:8: 18 daAuts
